AoeStats
← KDA HDT

Nomad

509352087Analyzed
4v4 RM · 6d ago on Sep 26, 2026· 50m 45s· 8 players
Game mode
Random Map
Map size
231×231
Population
200
Speed
Normal
Resources
Standard
Victory
Conquest
Starting age
Dark Age
Ending age
Imperial Age
RankedLock teamsTeams togetherTeam positionsShared explorationLock speedFull tech treeHidden civsTurbo modeCheats
Victory
Defeat
🇨🇳 Berbers · China
1855
+10
🇨🇳 Aztecs · China
1827
+11
🇻🇳 Chinese · Vietnam
1774
+13
🇩🇪 Italians · Germany
1765
+14
🇨🇳 Lithuanians · China
1833
-16
🇨🇳 Burgundians · China
1809
-15
1641
-9
🇨🇳 Hindustanis · China
1589
-8
KDA HDT
2:52 Loom
13:11 Feudal Age
20:46 Castle Age
18:59 Double-Bit Axe
19:48 Horse Collar
20:57 Bloodlines
21:54 Bow Saw
21:59 Fishing Lines
23:44 Medium Warships
32:03 Scale Barding Armor
31:59 Husbandry
32:10 Forging
32:26 Gold Mining
33:23 Chain Barding Armor
34:27 Gold Shaft Mining
35:36 Wheelbarrow
36:22 Iron Casting
39:12 Imperial Age
38:16 Fletching
39:00 Hand Cart
39:15 Cavalier
40:30 Plate Barding Armor
41:51 Blast Furnace
42:00 Coinage
41:40 Bodkin Arrow
41:39 Pikeman
41:42 Elite Fire Lancer
42:22 Squires
42:23 Scale Mail Armor
43:14 Light Cavalry
44:00 Arson
44:43 Bracer
44:58 Chain Mail Armor
44:46 Bracer
45:12 Ballistics
47:52 Plate Mail Armor
48:27 Chemistry
48:24 Conscription
50:17 Bombard Tower
3046964519
4:30 Loom
13:34 Feudal Age
17:17 Castle Age
15:18 Double-Bit Axe
15:51 Gold Mining
19:11 Sanctity
22:45 Gold Shaft Mining
22:32 Atonement
24:30 Fervor
27:49 Redemption
31:20 Fletching
33:38 Wheelbarrow
33:48 Stone Mining
34:56 Wheelbarrow
36:58 Hand Cart
37:25 Bow Saw
36:56 Horse Collar
43:21 Herbal Medicine
47:36 Imperial Age
46:16 Squires
46:18 Heavy Plow
47:22 Scale Mail Armor
47:33 Forging
47:10 Arson
48:37 Stone Shaft Mining
48:48 Block Printing
48:59 Illumination
49:10 Theocracy
48:00 Elite Jaguar Warrior
49:01 Conscription
49:46 Chain Mail Armor
50:52 Iron Casting
50:55 Garland Wars
51:07 Plate Mail Armor
十大地方
4:58 Loom
14:44 Feudal Age
15:53 Double-Bit Axe
17:08 Stone Mining
19:21 Castle Age
21:40 Bow Saw
22:01 Horse Collar
23:23 Fletching
24:19 Bodkin Arrow
28:29 Wheelbarrow
29:26 Gold Mining
29:39 Padded Archer Armor
30:07 Ballistics
34:05 Imperial Age
33:42 Gold Shaft Mining
33:13 Town Watch
33:49 Husbandry
34:56 Bloodlines
34:56 Bracer
36:48 Chemistry
38:09 Leather Archer Armor
38:08 Thumb Ring
39:47 Conscription
39:06 Elite Camel Archer
42:22 Stone Shaft Mining
43:27 Ring Archer Armor
46:34 Treadmill Crane
Jan Itor
6:11 Loom
12:59 Feudal Age
13:42 Town Watch
16:40 Castle Age
17:53 Fletching
23:44 Horse Collar
23:53 Double-Bit Axe
29:25 Bodkin Arrow
czj136
3:36 Loom
13:19 Feudal Age
17:24 Castle Age
15:34 Gold Mining
16:23 Scale Mail Armor
16:18 Double-Bit Axe
18:55 Chain Mail Armor
20:22 Squires
23:53 Forging
24:22 Arson
28:00 Iron Casting
27:32 Horse Collar
37:10 Imperial Age
37:35 Stone Mining
37:16 Elite Ghulam
39:17 Blast Furnace
41:10 Wheelbarrow
43:09 Scale Barding Armor
43:47 Bloodlines
43:37 Husbandry
43:50 Heavy Camel Rider
44:52 Chain Barding Armor
47:11 Plate Barding Armor
48:44 Light Cavalry
50:23 Hussar
mongo
4:57 Loom
11:29 Feudal Age
10:30 Double-Bit Axe
16:23 Fishing Lines
17:35 Gillnets
22:32 Castle Age
22:13 Bow Saw
21:56 Gold Mining
27:53 Horse Collar
28:36 Husbandry
31:38 Medium Warships
33:04 Wheelbarrow
33:08 Gold Shaft Mining
34:43 Stone Mining
35:41 Hand Cart
38:06 Imperial Age
36:54 Scale Barding Armor
38:15 Stone Shaft Mining
38:31 Forging
39:05 Chain Barding Armor
38:58 Elite Coustillier
41:15 Plate Barding Armor
41:18 Iron Casting
43:34 Blast Furnace
catastrophe
5:36 Loom
14:46 Feudal Age
18:41 Castle Age
17:02 Double-Bit Axe
17:02 Fishing Lines
18:25 Gold Mining
19:34 Bow Saw
19:42 Gillnets
22:16 Redemption
24:27 Town Watch
自有大儒为我辩经
4:42 Loom
12:59 Feudal Age
15:05 Fletching
16:15 Gold Mining
21:19 Double-Bit Axe
24:21 Castle Age
22:42 Fishing Lines
22:55 Stone Mining
24:24 Crossbowman
25:00 Bodkin Arrow
26:08 Gillnets
29:15 Gold Shaft Mining
31:58 Ballistics
37:20 Eupseong
38:13 Wheelbarrow
37:49 Bow Saw
37:44 Murder Holes
38:36 Thumb Ring
43:54 Imperial Age
40:55 Elite Skirmisher
42:20 Treadmill Crane
42:53 Masonry
43:57 Arbalester
45:39 Chemistry
44:44 Bracer
45:54 Conscription
46:37 Hand Cart
46:49 Conscription
48:22 Siege Engineers
Connection lost

Rejoining the realm…

Still unreachable

The connection could not be restored.

Session expired

The server has moved on; the page needs a fresh start.